 Dungeon Crawl Stone Soup version 0.26-a0-720-g2a1d101370 (webtiles) character file.

Game seed: 6035158294947944050

811 lunkers the Covert (level 8, -1/48 HPs)
             Began as a Kobold Delver on Nov 2, 2020.
             Slain by an ogre
             ... wielding a +0 giant club
              (25 damage)
             ... on level 5 of the Dungeon.
             The game lasted 00:09:35 (6103 turns).

lunkers the Covert (Kobold Delver)                  Turns: 6103, Time: 00:09:35

Health: -1/48      AC:  6    Str: 11    XL:     8   Next: 15%
Magic:  8/8        EV: 14    Int: 12    God:
Gold:   136        SH:  0    Dex: 16    Spells: 7/7 levels left

rFire    . . .     SeeInvis .   a - +2 dagger (venom)
rCold    . . .     Faith    .   (shield restricted)
rNeg     . . .     Spirit   .   u - +0 ring mail
rPois    .         Reflect  .   q - +0 helmet
rElec    .         Harm     .   (no cloak)
rCorr    .         Rampage  .   (no gloves)
MR       .....                  (no boots)
Stlth    +++++.....             (no amulet)
HPRegen  0.16/turn              (no ring)
MPRegen  0.11/turn              (no ring)

@: no status effects
A: small, nightstalker 3
a: no special abilities


You were on level 5 of the Dungeon.
You visited 1 branch of the dungeon, and saw 5 of its levels.

You collected 136 gold pieces.

Inventory:

Hand Weapons
 a - a +2 dagger of venom (weapon)
 p - a +0 dagger of draining
 y - a +0 short sword
 D - a +4 dagger
Missiles
 e - 39 poisoned darts (quivered)
 o - a throwing net {=f}
Armour
 b - a +0 leather armour
 q - a +0 helmet (worn)
 u - a +0 ring mail (worn)
 z - a +0 helmet of see invisible
Wands
 g - a wand of digging (3)
 w - a wand of polymorph (4)
 A - a wand of flame (7)
Scrolls
 c - a scroll of fog
 d - 2 scrolls of magic mapping
 h - 2 scrolls of amnesia {unknown}
 j - 7 scrolls of identify {unknown}
 k - a scroll of immolation {unknown}
 l - 4 scrolls of enchant armour {unknown}
 m - 4 scrolls of remove curse {unknown}
 r - 2 scrolls of random uselessness {unknown}
 t - a scroll of enchant weapon {unknown}
 x - 2 scrolls of teleportation {unknown}
Potions
 f - a potion of haste
 i - a potion of lignification {unknown}
 n - 3 potions of might {unknown}
 s - a potion of heal wounds {unknown}
 v - a potion of curing {unknown}
 B - a potion of brilliance {unknown}
 C - a potion of cancellation {unknown}


   Skills:
 + Level 3.9 Fighting
 * Level 9.1 Short Blades
 + Level 3.4 Dodging
 + Level 9.3 Stealth


You had 7 spell levels left.
You didn't know any spells.
Your spell library was empty.

Dungeon Overview and Level Annotations

Branches:
Dungeon (5/15)
 Temple: D:4-7

Altars:
Zin

Annotations:
D:5 3 runed translucent doors


Innate Abilities, Weirdness & Mutations

You are small and have problems with some larger weapons.
You are completely attuned to the shadows.


Message History

The ogre is poisoned.
You hit the ogre.
The ogre looks even sicker.
The ogre is lightly wounded.
The ogre hits you with a +0 giant club!!
Ouch! That really hurt!
* * * LOW HITPOINT WARNING * * *
You barely miss the ogre.
The ogre is lightly wounded.
You hit the ogre but do no damage.
The ogre looks as sick as possible!
The ogre is lightly wounded.
The ogre closely misses you.
You hit the ogre.
The ogre looks as sick as possible!
The ogre is moderately wounded.
You completely miss the ogre.
The ogre is moderately wounded.
You hit the ogre.
The ogre looks as sick as possible!
The ogre is severely wounded.
The ogre hits you with a +0 giant club!!
Ouch! That really hurt!
You die...

####..........##.....
#...........###...#
##...........####...
#......)......#...).
##...........[......
#..........).......
##......>...##.....
#..###.....##..##.
#@O(.#.....##..##.
#....#..##..... .
.....( . #......
##..##.


You could see an ogre (extremely poisoned).

Vanquished Creatures
  An ice beast (D:3)
  A phantom (D:4)
  A bullfrog (D:4)
  2 scorpions
  A jelly (D:3)
  An orc priest (D:4)
  2 orc wizards (D:5)
  5 worker ants
  Robin (D:4)
  12 adders
  2 oozes
  2 worms
  2 dart slugs
  3 leopard geckos
  10 orcs
  7 bats
  2 giant cockroaches
  13 goblins
  5 hobgoblins
  5 jackals (D:2)
  13 kobolds
  3 quokkas
  3 ball pythons
  7 frilled lizards
  A jackal skeleton (D:4)
  4 rats
109 creatures vanquished.

Vanquished Creatures (others)
  A plant (D:5)
1 creature vanquished.

Grand Total: 110 creatures vanquished

Notes
Turn   | Place    | Note
-------+----------+-------------------------------------------
     0 | D:5      | lunkers the Kobold Delver began the quest for the Orb.
     0 | D:5      | Reached XP level 1. HP: 14/14 MP: 1/1
     2 | D:5      | Found a runed translucent gate.
     3 | D:5      | Found a runed translucent gate.
     4 | D:5      | Found a runed translucent gate.
    56 | D:5      | Noticed a hound
    68 | D:5      | Noticed an ogre
    77 | D:5      | Noticed an orc wizard
   214 | D:4      | Reached XP level 2. HP: 19/19 MP: 2/2
   259 | D:4      | Noticed a phantom
   315 | D:4      | Noticed a bullfrog
   319 | D:4      | Killed a bullfrog
   319 | D:4      | Reached skill level 5 in Short Blades
   319 | D:4      | Reached XP level 3. HP: 23/23 MP: 3/3
   319 | D:4      | Reached XP level 4. HP: 28/28 MP: 4/4
   405 | D:4      | Reached XP level 5. HP: 32/32 MP: 5/5
  1100 | D:2      | Reached XP level 6. HP: 33/37 MP: 6/6
  1462 | D:2      | Found a glowing silver altar of Zin.
  2746 | D:3      | Noticed an ice beast
  2750 | D:3      | Killed an ice beast
  2836 | D:3      | Reached XP level 7. HP: 41/41 MP: 7/7
  4261 | D:4      | Noticed Robin
  4288 | D:4      | Killed Robin
  5380 | D:5      | Reached XP level 8. HP: 48/48 MP: 8/8
  6103 | D:5      | Slain by an ogre

Illustrated notes

Levels and vault maps discovered:
D:1:      nagdon_arrival_double_spiral, layout_basic, minmay_misc_feat_square,
          chequers_mini_garden
D:2:      layout_basic, lemuel_doored_altar
D:3:      layout_basic
D:4:      layout_gridville, uniq_robin
D:5:      layout_cave_pools, gammafunk_ghost_nasty_kobolds, serial_bayou_pond_b,
          kennysheep_diamond

Skill      XL: |  1  2  3  4  5  6  7  8 |
---------------+-------------------------+-----
Short Blades   | 3 5 6 7 8 9 |  9.1
Stealth        | 7 8 9 |  9.3
Dodging        | 3 |  3.4
Fighting       | |  3.9

Action                   |  1- 3 |  4- 6 |  7- 9 || total
-------------------------+-------+-------+-------++-------
Melee: Short sword       |    15 |   118 |       ||   133
       Dagger            |       |    32 |   224 ||   256
Throw: Dart              |       |    31 |    78 ||   109
Evoke: Wand              |       |       |     4 ||     4
  Use: Scroll            |     1 |       |     1 ||     2
 Stab: Sleeping          |     5 |    26 |     5 ||    36
Armor: Leather armour    |     2 |    17 |     5 ||    24
       Ring mail         |       |       |    20 ||    20
Dodge: Dodged            |     8 |    98 |   108 ||   214

Table legend: (Time is in decaauts)
 A = Elapsed time spent in this place.
 B = Non-inter-level travel time spent in this place.
 C = Inter-level travel time spent in this place.
 D = Time resting spent in this place.
 E = Time spent auto-exploring this place.
 F = Levels seen in this place.
 G = Mean time per level.
                   A        B        C        D        E       F      G
               +--------+--------+--------+--------+--------+-----+--------+
         Total |   5982 |   5880 |    102 |   1375 |   3548 |   5 | 1196.4 |
       Dungeon |   5982 |   5880 |    102 |   1375 |   3548 |   5 | 1196.4 |
               +--------+--------+--------+--------+--------+-----+--------+

Top non-repeatable levels by time:
     D:4: 2323 daAuts
     D:2: 1389 daAuts
     D:1: 922 daAuts
     D:3: 853 daAuts
     D:5: 493 daAuts
